 Dungeon Crawl Stone Soup version 0.31.0-11-ge490571c62 (webtiles) character file.

Game seed: 6804709789238635637

329089 bnnuy the Eclecticist (level 21, -12/155 (162) HPs)
             Began as a Human Conjurer on Jan 24, 2024.
             Was a Follower of Yredelemnul.
             Killed from afar by an ironbound thunderhulk (63 damage)
             ... with a bolt of lightning
             ... on level 4 of the Vaults on Jan 29, 2024.
             The game lasted 08:34:11 (60398 turns).

bnnuy the Eclecticist (Human Conjurer)             Turns: 60398, Time: 08:34:29

HP:   -12/155 (162) AC: 15    Str: 10    XL:     21   Next: 71%
MP:   1/45          EV: 27    Int: 25    God:    Yredelemnul [*.....]
Gold: 1713          SH:  5    Dex: 22    Spells: 6/60 levels left

rFire   + . .        l - +2 demon trident (venom)
rCold   . . .        s - +0 buckler
rNeg    + . .        I - +2 robe {rF+}
rPois   +            W - +2 helmet {Int+3}
rElec   .            D - scarf of Nanij {repulsion, rPois Int-2 Dex+4 SInv}
rCorr   .            d - +2 pair of gloves {Dex+3}
SInv    +            (no boots)
Will    ++++.        F - amulet of the Four Winds {rN+ Will+++ Clar}
Stlth   ++++         E - +5 ring of evasion
HPRegen 0.45/turn    p - +4 ring of protection
MPRegen 0.29/turn

%: repel missiles, clarity
@: mighty, very slightly contaminated, studying Axes, lightly drained
A: explore regen, screaming 1
}: 2/15 runes: serpentine, barnacled
a: Renounce Religion, Recall Undead Harvest


You were on level 4 of the Vaults.
You worshipped Yredelemnul.
Yredelemnul was noncommittal.
You visited 9 branches of the dungeon, and saw 37 of its levels.

You collected 4284 gold pieces.
You spent 2571 gold pieces at shops.

Inventory:

Hand Weapons
 l - a +2 demon trident of venom (weapon)
 n - a +2 trident of pain
 y - a +2 trident of draining
Missiles
 P - 6 throwing nets
Armour
 d - a +2 pair of gloves of dexterity (worn)
 s - a +0 buckler (worn)
 D - the scarf of Nanij (worn) {repulsion, rPois Int-2 Dex+4 SInv}
   (You found it on level 3 of the Dungeon)

   Int-2:     It affects your intelligence (-2).
   Dex+4:     It affects your dexterity (+4).
   rPois:     It protects you from poison SInv: It lets you see invisible.
 G - the +6 chain mail "Lutt" {^Contam +Inv Dex+5}
   (You found it on level 3 of the Vaults)

   Dex+5:     It affects your dexterity (+5).
   +Inv:      It lets you turn invisible.
   ^Contam:   It causes magical contamination when unequipped.
 I - a +2 robe of fire resistance (worn)
 W - a +2 helmet of intelligence (worn)
Magical Staves
 a - a staff of conjuration
Jewellery
 f - a +6 ring of dexterity
 p - a +4 ring of protection (right hand)
 r - the ring of Isib {Will+ Dex+2}
   (You took it off a merfolk javelineer on level 4 of the Shoals)

   [ring of willpower]

   Dex+2:     It affects your dexterity (+2).
   Will+:     It increases your willpower.
 t - the ring of Shadows {Umbra +Inv Stlth+}
   (You bought it in a shop on level 1 of the Orcish Mines)

   [ring of stealth]

   Umbra:     It surrounds you with an aura of shadow, increasing your stealth
   and reducing the accuracy of all others within it.
   +Inv:      It lets you turn invisible.
   Stlth+:    It makes you more stealthy.
 v - a ring of see invisible
 A - an amulet of the acrobat
 E - a +5 ring of evasion (left hand)
 F - the amulet of the Four Winds (around neck) {rN+ Will+++ Clar}
   (You bought it in a shop on level 2 of the Snake Pit)

   [amulet of nothing]

   rN+:       It protects you from negative energy.
   Will+++:   It greatly increases your willpower.
   Clar:      It protects you from confusion, rage, mesmerisation and fear.
 S - a ring of flight
 Y - a ring of resist corrosion
Wands
 e - a wand of digging (6)
 w - a wand of quicksilver (4)
 x - a wand of flame (24)
 z - a wand of polymorph (11)
 C - a wand of mindburst (34)
 N - a wand of roots (9)
 V - a wand of paralysis (10)
Scrolls
 h - a scroll of identify
 j - 7 scrolls of teleportation
 u - 2 scrolls of fog
 K - 4 scrolls of poison
 M - 3 scrolls of amnesia
 O - 4 scrolls of enchant weapon
 Q - a scroll of revelation
 T - 3 scrolls of fear
 U - 4 scrolls of blinking
Potions
 b - a potion of magic
 c - 4 potions of cancellation
 i - 9 potions of mutation
 k - 7 potions of enlightenment
 m - a potion of might
 o - 5 potions of haste
 B - 7 potions of lignification
 H - 4 potions of heal wounds
 J - 18 potions of curing
 L - 5 potions of brilliance
 R - a potion of resistance
 Z - a potion of invisibility
Miscellaneous
 g - a phial of floods
 q - a lightning rod (4/4)
 X - a box of beasts (inert)


   Skills:
 + Level 13.2 Fighting
 - Level 14.0 Polearms
 * Level 5.7 Armour
 - Level 13.0 Dodging
 - Level 7.0 Stealth
 - Level 20.0 Spellcasting
 - Level 15.0 Conjurations
 - Level 3.0 Necromancy
 + Level 4.7 Fire Magic
 - Level 8.0 Air Magic
 - Level 3.0 Alchemy
 - Level 5.0 Invocations
 - Level 7.0 Evocations


You had 6 spell levels left.
You knew the following spells:

 Your Spells              Type           Power      Damage    Failure   Level
a - Magic Dart            Conj           100%       1d8       0%          1
b - Searing Ray           Conj           100%       2d8       0%          2
c - Kiss of Death         Conj/Necr      100%       2d13      1%          1
d - Fulminant Prism       Conj/Alch      31%        3d15      1%          4
e - Arcjolt               Conj/Air       35%        1d45      1%          5
f - Irradiate             Conj/Alch      31%        3d22      1%          5
g - Mephitic Cloud        Conj/Alch/Air  62%        N/A       1%          3
h - Iskenderun's Battles  Conj           79%        2d13      1%          5
i - Stone Arrow           Conj/Erth      100%       3d13      1%          3
j - Mercury Vapours       Alch/Air       100%       N/A       1%          2
k - Freezing Cloud        Conj/Ice/Air   29%        6-21      3%          5
l - Flame Wave            Conj/Fire      65%        2d15      1%          4
m - Ignite Poison         Fire/Alch      44%        N/A       5%          4
n - Conjure Ball Lightni  Conj/Air       35%        3x3d11    3%          6
o - Iskenderun's Mystic   Conj/Tloc      58%        2d12      1%          4

Your spell library contained the following spells:

 Spells                   Type           Power      Damage    Failure   Level
 Cigotuvi's Dreadful Rot  Necr/Alch/Air  96%        N/A       1%          2
 Momentum Strike          Conj/Tloc      100%       3d10      1%          2
 Scorch                   Fire           96%        2d9       1%          2
 Static Discharge         Conj/Air       100%       3-8/arc   1%          2
 Sublimation of Blood     Necr           40%        N/A       1%          2
 Dazzling Flash           Conj/Hex       100%       N/A       1%          3
 Hailstorm                Conj/Ice       58%        3d11      1%          3
 Brom's Barrelling Bould  Conj/Erth      58%        2d7       1%          4
 Fugue of the Fallen      Necr           40%        N/A       2%          3
 Inner Flame              Hex/Fire       36%        N/A       3%          3
 Call Imp                 Summ           50%        N/A       4%          2
 Jinxbite                 Hex            50%        N/A       4%          2
 Summon Lightning Spire   Summ/Air       45%        N/A       4%          4
 Vhi's Electric Charge    Tloc/Air       90%        N/A       4%          4
 Call Canine Familiar     Summ           25%        N/A       8%          3
 Confusing Touch          Hex            25%        N/A       8%          3
 Ozocubu's Armour         Ice            25%        N/A       8%          3
 Sigil of Binding         Hex            25%        N/A       8%          3
 Summon Ice Beast         Ice/Summ       25%        N/A       8%          3
 Dispel Undead            Necr           40%        3d16      8%          4
 Leda's Liquefaction      Alch/Erth      16%        N/A       14%         4
 Bombard                  Conj/Erth      29%        9d5       19%         6
 Alistair's Intoxication  Alch           26%        N/A       22%         5
 Animate Armour           Summ/Erth      50%        N/A       26%         4
 Dimensional Bullseye     Hex/Tloc       12%        N/A       26%         4
 Manifold Assault         Tloc           25%        N/A       26%         4
 Plasma Beam              Fire/Air       27%        2x1d39    30%         6
 Borgnjor's Vile Clutch   Necr/Erth      16%        N/A       36%         5
 Yara's Violent Unravell  Hex/Alch       16%        3d8       36%         5
 Lee's Rapid Deconstruct  Erth           12%        3d9*      58%         5
 Metabolic Englaciation   Hex/Ice        12%        N/A       58%         5
 Eringya's Noxious Bog    Alch           20%        4d6       75%         6
 Sculpt Simulacrum        Ice/Alch       16%        N/A       91%         6
 Summon Cactus Giant      Summ           12%        N/A       99%         6
 Enfeeble                 Hex            12%        N/A       100%        7
 Haunt                    Necr/Summ      16%        N/A       100%        7
 Summon Hydra             Summ           12%        N/A       100%        7
 Ignition                 Fire           24%        3d8       100%        8
 Infestation              Necr           20%        N/A       100%        8
 Animate Dead             Necr           Unusable   N/A       N/A         4

Dungeon Overview and Level Annotations

Branches:
Dungeon (15/15)            Temple (1/1) D:7            Lair (5/5) D:10
 Shoals (4/4) Lair:2        Snake (4/4) Lair:3        Slime (0/5) Lair:4
    Orc (2/2) D:9             Elf (0/3) Orc:2        Vaults (4/5) D:13
  Crypt (1/3) Vaults:2     Depths (1/4) D:15

Altars:
Ashenzari
Cheibriados
Dithmenos
Elyvilon
Fedhas
Gozag
Hepliaklqana
Kikubaaqudgha
Makhleb
Nemelex Xobeh
Okawaru
Qazlal
Ru
Sif Muna
Trog
Uskayaw
Vehumet
Wu Jian
Xom
Yredelemnul
Zin
The Shining One
Jiyva

Shops:
D:12 [   Orc:1 =   Orc:2 ([::   Snake:1 *   Snake:2 [=(?!   Snake:3 [

Annotations:
D:13 3 runed translucent doors, occam's ghost, journeyman DEFE
Vaults:2 2 transporters, exclusion: obsidian statue


Innate Abilities, Weirdness & Mutations

You regain HP and MP as you explore.
You occasionally shout uncontrollably at your foes.


Message History

Your lindwurm zombie stumbles backwards!
Reach: l) +2 demon trident (venom)
Press: ? - help, Dir - move target, f/p - dire elephant
Aim: a dire elephant (severely wounded, not watching you, extremely poisoned, ally target, about 8% to evade your +2 demon trident of venom)
You reach to attack!
You puncture the dire elephant!
The dire elephant is almost dead.
Unknown command.
Reach: l) +2 demon trident (venom)
Press: ? - help, Dir - move target, f/p - dire elephant
Aim: a dire elephant (almost dead, extremely poisoned, ally target, about 8% to evade your +2 demon trident of venom)
You reach to attack!
You hit the dire elephant but do no damage.
The dire elephant looks as sick as possible!
The dire elephant is almost dead.
Your lindwurm zombie bites the dire elephant but does no damage.
Your lindwurm zombie claws the dire elephant but does no damage. x2
You puncture the dire elephant!
The dire elephant looks as sick as possible!
The dire elephant is almost dead.
Casting: Mercury Vapours (safe; 1% risk of failure)
Confirm with . or Enter, or press ? or * to list all spells.
You erupt in a fountain of uncontrolled magic!
The dire elephant is blasted with magical radiation.
You kill the dire elephant!
The ironbound thunderhulk is blasted with magical radiation!!
The ironbound thunderhulk is moderately wounded.
Strange energies crackle from the ironbound thunderhulk's apparatus.
The ironbound thunderhulk blinks!
Unknown command.
Aiming: Thunderbolt
Press: ? - help, Shift-Dir - straight line
Okay, then.
You open the lid... ...and a juvenile weirdshock beast leaps out!
The box is emptied!
Your lindwurm zombie is no longer weakened.
Electricity crackles from the ironbound thunderhulk's apparatus.
The bolt of lightning hits you!!!
You die...
Your body rises from the dead as a mindless zombie.

#....>...#........ #...
#######........#+##++###+#####'#'
......#........#.......#.........
......'........'.......#.......$.
......#........#.......#.........
......##########.......#.........
.>....# #.......'......)..
......# #.......#..)......
......# ########@#######.........
......#
#.....)..ยง....##)........
####### #.......H.....##)#'######
#.......!Z....#.O....#
#.............'......#
#.............#......#
#.......O.....#.)....#
###############......# #......#


You could see an ironbound thunderhulk (ally target), a friendly juvenile
weirdshock beast (summoned) and a friendly lindwurm zombie.

Vanquished Creatures
  Vashnia (Snake:3)
  Nikola (Shoals:4)
  Rupert (D:14)
  Mlioglotl (Snake:3)
  A sphinx (Vaults:2)
  A titan (Shoals:4)
  A kraken (Shoals:1)
  Kirke (Lair:2)
  2 tengu reavers
  7 nagarajas
  Aizul (Snake:3)
  7 vault wardens
  A frost giant (D:10)
  8 ironbound preservers
  An orc warlord (Orc:2)
  An ironbound thunderhulk (Vaults:3)
  2 elemental wellsprings (Shoals:2)
  2 dire elephants
  Azrael (Orc:2)
  An ettin (Vaults:3)
  3 merfolk javelineers (Shoals:4)
  A fire dragon (D:14)
  4 merfolk impalers (Shoals:4)
  2 yaktaur captains
  Fannar (Lair:1)
  3 vault guards (Vaults:3)
  A great orb of eyes (Vaults:2)
  3 salamander tyrants
  9 hydras
  7 ironbound frosthearts
  3 catoblepae
  5 merfolk avatars
  3 boulder beetles
  A sphinx zombie (Vaults:2)
  5 two-headed ogres
  6 centaur warriors
  5 anacondas
  Erica (D:11)
  6 death yaks (Lair:5)
  6 merfolk aquamancers
  2 orc high priests (Orc:2)
  A tengu warrior (D:13)
  12 naga warriors
  A deep troll earth mage (D:15)
  A satyr (Shoals:3)
  Urug (Orc:2)
  10 shock serpents
  7 naga sharpshooters
  2 salamander mystics (Snake:4)
  A flayed ghost (D:15)
  4 mana vipers
  16 deep trolls
  2 skysharks
  11 sea snakes
  3 arcanists
  3 deep elf zephyrmancers
  A phantasmal warrior (D:11)
  3 orc knights
  6 ironbound convokers
  3 ugly thing zombies
  5 naga ritualists
  5 deep elf pyromancers
  9 harpies
  3 orc sorcerers (Orc:2)
  A necromancer (Vaults:3)
  8 lindwurms
  10 ugly things
  Maurice (Orc:1)
  12 manticores
  4 cyclopes
  8 fauns
  8 salamanders
  4 elephants
  13 water nymphs
  A water nymph (shapeshifter) (Vaults:3)
  5 merfolk sirens
  A stone giant skeleton (Crypt:1)
  3 kobold blastminers
  7 guardian serpents
  10 vault sentinels
  37 black mambas
  10 naga magi
  A mana viper zombie (Snake:1)
  2 merfolk zombies
  3 gargoyles (D:11)
  7 cane toads
  A rime drake (Lair:5)
  2 kobold demonologists
  A sea snake zombie (Shoals:3)
  8 komodo dragons
  18 yaktaurs
  A yaktaur zombie (Vaults:3)
  Jeremiah (D:6)
  A death yak zombie (Lair:5)
  3 freezing wraiths
  A hydra zombie (D:15)
  3 trolls
  3 wind drakes
  26 merfolk
  11 dream sheep
  A boulder beetle zombie (D:12)
  5 snapping turtles
  5 air elementals (Shoals:4)
  21 slime creatures
  3 shadows
  4 wyverns
  A wraith (D:11)
  39 yaks
  5 black mamba zombies
  15 water elementals
  2 fire elementals (Orc:2)
  2 hogs (Lair:3)
  A slime creature zombie (D:12)
  9 basilisks
  5 vampire mosquitoes
  A human (D:3)
  A steam dragon (D:7)
  4 wargs
  2 faun zombies (Shoals:3)
  32 nagas
  A deep troll zombie (Vaults:2)
  3 water nymph zombies
  A hydra simulacrum (Lair:4)
  2 acid dragons (D:11)
  A two-headed ogre zombie (D:9)
  A cane toad zombie (Lair:5)
  11 water moccasins
  22 orc warriors
  5 hell hounds (Orc:2)
  A manticore zombie (Lair:5)
  3 black bears
  2 ice beasts
  A lindwurm zombie (Vaults:1)
  A dream sheep zombie (Lair:5)
  A sky beast (D:7)
  7 ogres
  13 wolves
  A centaur (D:11)
  A phantom (D:9)
  4 human zombies
  2 kobold brigands
  A komodo dragon zombie (Lair:1)
  12 bullfrogs
  A skyshark simulacrum (Lair:4)
  15 wights
  A tengu zombie (D:15)
  11 killer bees
  A troll zombie (D:9)
  A yak zombie (Lair:5)
  A howler monkey (D:6)
  7 wolf zombies
  6 electric eels
  2 bullfrog zombies
  4 hounds
  18 orc priests
  A bombardier beetle (D:4)
  3 gnoll boudas
  3 jellies (Lair:4)
  2 iguanas
  2 sleepcaps (D:6)
  Ijyb (D:4)
  40 orc wizards
  A hell rat (Lair:5)
  A statue (D:13)
  A killer bee zombie (D:11)
  5 ogre zombies (D:9)
  2 bullfrog simulacra (Lair:4)
  A vine stalker zombie (Orc:1)
  6 naga zombies
  14 gnolls
  4 adders
  2 swamp drake zombies (Lair:5)
  A shadow imp (D:6)
  A white imp (D:6)
  3 ufetubi (D:6)
  A jelly zombie (Lair:4)
  2 ribbon worms
  75 orcs
  4 ball pythons
  4 bats
  6 endoplasms
  3 giant cockroaches
  3 gnoll zombies (D:9)
  7 goblins
  3 hobgoblins
  9 jackals
  20 kobolds
  3 quokkas
  2 frilled lizards
  A gnoll skeleton (D:9)
  2 kobold zombies (D:11)
  3 orc skeletons (D:9)
  32 orc zombies
  3 rats (D:1)
  7 fulminant prisms
1072 creatures vanquished.

Vanquished Creatures (collateral kills)
  2 sphinxes
  Gastronok (Lair:1)
  4 nagarajas (Snake:4)
  A ghoul (Vaults:2)
  An ironbound preserver (Vaults:3)
  Nessos (D:15)
  2 ironbound thunderhulks (Vaults:3)
  2 dire elephants
  An eidolon (Vaults:2)
  Snorg (D:11)
  A merfolk impaler (Shoals:3)
  An entropy weaver (shapeshifter) (D:15)
  An entropy weaver (Vaults:1)
  An ice dragon (Lair:5)
  A yaktaur captain (Vaults:3)
  2 vault guards (Vaults:3)
  Erolcha (D:12)
  A merfolk avatar (Shoals:2)
  3 ironbound frosthearts
  A catoblepas (Lair:5)
  2 boulder beetles
  3 anacondas
  3 merfolk aquamancers
  3 two-headed ogres
  A satyr (Shoals:4)
  2 death yaks (Lair:5)
  4 naga warriors
  5 naga sharpshooters
  2 shock serpents
  3 skysharks (Shoals:1)
  A skeletal warrior (Vaults:2)
  2 salamander mystics
  A glowing orange brain (Vaults:1)
  A sea snake (Shoals:2)
  3 mana vipers
  A deep elf archer (D:13)
  A swamp dragon (Lair:5)
  7 deep trolls
  2 naga ritualists
  3 ironbound convokers
  9 harpies
  2 cyclopes
  4 salamanders
  4 ugly things
  6 manticores
  3 fauns (Shoals:3)
  A kobold blastminer (Orc:1)
  3 merfolk sirens
  5 naga magi
  A vault sentinel (Vaults:1)
  2 water nymphs
  4 elephants
  4 guardian serpents
  5 cane toads
  A torpor snail (Lair:5)
  8 black mambas
  A rime drake (Lair:5)
  A gargoyle (D:12)
  8 komodo dragons
  An efreet (D:13)
  9 yaktaurs
  2 tengu conjurers (D:15)
  8 merfolk
  3 wind drakes
  2 trolls
  A polar bear (Lair:5)
  7 dream sheep
  5 slime creatures
  An air elemental (Shoals:4)
  A wyvern (Lair:5)
  A basilisk (Lair:5)
  2 hogs (Lair:3)
  6 water elementals
  A vampire mosquito (D:6)
  13 yaks
  4 steam dragons
  8 nagas
  4 water moccasins
  3 orc warriors
  A hell hound (Orc:2)
  3 swamp drakes (Lair:5)
  A black bear (Lair:1)
  An ogre (D:5)
  5 wolves
  A kobold brigand (D:10)
  5 bullfrogs
  2 wights (D:6)
  A killer bee (D:9)
  A bombardier beetle (D:6)
  2 jellies (Lair:4)
  A hound (D:7)
  A gnoll bouda (D:5)
  An orc priest (Orc:2)
  2 iguanas (Lair:5)
  2 orc wizards (Orc:2)
  An ogre zombie (D:9)
  3 gnolls
  3 adders
  3 orc zombies (D:9)
  A dart slug (D:4)
  8 orcs
  A jackal (D:4)
  2 kobolds
  2 gnoll skeletons (D:9)
  A ball lightning (Vaults:3)
288 creatures vanquished.

Vanquished Creatures (others)
  A kraken zombie (Shoals:1)
  A salamander tyrant (Snake:4)
  A hydra (D:13)
  2 anaconda zombies
  3 spectral merfolk
  3 ugly thing zombies
  4 shock serpent zombies
  A dire elephant zombie (Lair:5)
  A spectral centaur (D:10)
  A spectral efreet (Orc:2)
  2 mana viper zombies (Snake:4)
  A catoblepas zombie (Lair:5)
  6 sea snake zombies
  2 death yak zombies (Lair:5)
  5 harpy zombies
  7 guardian serpent zombies
  7 deep troll zombies
  A satyr zombie (Shoals:3)
  11 black mamba zombies
  6 slime creature zombies
  2 wind drake zombies
  A human (Lair:4)
  A tengu zombie (D:13)
  2 faun zombies
  A naga (Snake:3)
  21 human zombies
  2 water nymph zombies
  5 cane toad zombies
  A two-headed ogre zombie (D:13)
  13 merfolk zombies
  A swamp dragon zombie (Lair:5)
  9 dream sheep zombies
  3 manticore zombies
  A lindwurm zombie (Lair:5)
  A snapping turtle zombie (Shoals:1)
  3 elf zombies
  5 elephant zombies
  A hog zombie (Lair:3)
  A rime drake zombie (Lair:5)
  A torpor snail zombie (Lair:5)
  A spectral naga (Snake:2)
  2 komodo dragon zombies
  8 salamander zombies
  11 yaktaur zombies
  3 cyclops zombies
  2 hell hound zombies (Orc:2)
  A warg zombie (Orc:2)
  4 water moccasin zombies
  12 yak zombies
  A polar bear zombie (Lair:5)
  A troll zombie (D:13)
  6 wolf zombies
  A bullfrog zombie (Lair:4)
  3 centaur zombies
  A basilisk zombie (Lair:5)
  3 killer bee zombies
  24 naga zombies
  An ogre zombie (Orc:2)
  An ice beast zombie (D:6)
  3 hound zombies
  A hell rat zombie (Lair:5)
  A swamp drake zombie (Lair:5)
  A steam dragon zombie (Lair:5)
  An adder zombie (D:6)
  2 iguana zombies (Lair:5)
  45 orc zombies
  4 gnoll zombies
  A bombardier beetle zombie (D:6)
  2 endoplasm zombies (D:4)
  A goblin zombie (D:4)
  7 kobold zombies
  A spectral ufetubus (D:6)
  13 ball lightnings (Vaults:3)
  428 fulminant prisms
  14 tentacles (Shoals:1)
752 creatures vanquished.

Grand Total: 2112 creatures vanquished

Notes
Turn   | Place    | Note
-------+----------+-------------------------------------------
     0 | D:1      | bnnuy the Human Conjurer began the quest for the Orb.
     0 | D:1      | Reached XP level 1. HP: 13/13 MP: 3/3
   270 | D:1      | Reached XP level 2. HP: 19/19 MP: 1/5
   273 | D:1      | Learned a level 2 spell: Searing Ray
   621 | D:1      | Reached skill level 3 in Spellcasting
  1195 | D:2      | Reached XP level 3. HP: 24/24 MP: 3/7
  1247 | D:2      | Found a faded altar of an unknown god.
  2059 | D:3      | Identified the scarf of Nanij {repulsion, rPois Int-2 Dex+4
                  | SInv}
  2087 | D:3      | Noticed an ice beast
  2201 | D:3      | Reached XP level 4. HP: 30/30 MP: 0/9
  2635 | D:3      | Found a runed translucent door.
  2635 | D:3      | Noticed a human
  2637 | D:3      | Found a basalt altar of Yredelemnul.
  2655 | D:3      | Killed a human
  2670 | D:3      | Became a worshipper of Yredelemnul the Dark
  2783 | D:3      | Reached skill level 4 in Spellcasting
  3141 | D:4      | Reached XP level 5. HP: 33/35 MP: 0/11
  3150 | D:4      | Noticed an ogre
  3225 | D:4      | Killed an ogre
  3226 | D:4      | Reached skill level 5 in Spellcasting
  3372 | D:4      | Reached XP level 6. HP: 39/41 MP: 4/13
  3537 | D:4      | Noticed Ijyb
  3559 | D:4      | Killed Ijyb
  3562 | D:4      | Reached * piety under Yredelemnul
  4024 | D:4      | Reached ** piety under Yredelemnul
  4029 | D:4      | Reached skill level 5 in Conjurations
  4059 | D:4      | Reached skill level 1 in Fighting
  4167 | D:5      | Entered Level 5 of the Dungeon
  4176 | D:4      | Reached XP level 7. HP: 49/49 MP: 6/14
  4865 | D:5      | Reached skill level 1 in Evocations
  5054 | D:5      | Reached XP level 8. HP: 46/60 MP: 10/15
  5755 | D:6      | Noticed a boulder beetle
  6198 | D:6      | Noticed Jeremiah
  6895 | D:6      | Reached XP level 9. HP: 55/65 MP: 7/16
  6954 | D:6      | Killed a boulder beetle
  6955 | D:6      | Reached skill level 7 in Spellcasting
  7267 | D:6      | Killed Jeremiah
  7268 | D:6      | Reached skill level 8 in Spellcasting
  7707 | D:6      | Reached XP level 10. HP: 56/71 MP: 14/22
  7885 | D:6      | Reached skill level 9 in Spellcasting
  8178 | D:7      | Reached skill level 5 in Fighting
  8574 | D:7      | Found a blossoming altar of Fedhas.
  8642 | D:7      | Found an opulent altar of Gozag.
  8658 | D:7      | Found a staircase to the Ecumenical Temple.
  8668 | Temple   | Entered the Ecumenical Temple
 10601 | D:8      | Reached skill level 5 in Dodging
 10708 | D:10     | Entered Level 10 of the Dungeon
 11152 | D:9      | Noticed a deep elf zephyrmancer
 11162 | D:9      | Killed a deep elf zephyrmancer
 11163 | D:9      | Reached XP level 11. HP: 56/84 MP: 16/24
 11299 | D:9      | Learned a level 1 spell: Kiss of Death
 11392 | D:9      | Found a staircase to the Orcish Mines.
 11412 | D:9      | Identified the +6 flail "Pendulum" {distort, rCorr}
 11967 | D:7      | Reached skill level 10 in Spellcasting
 13013 | D:10     | Reached skill level 1 in Alchemy
 13023 | D:10     | Reached *** piety under Yredelemnul
 13028 | D:10     | Noticed a centaur warrior
 13044 | D:10     | Killed a centaur warrior
 13260 | D:10     | Noticed a two-headed ogre
 13269 | D:10     | Killed a two-headed ogre
 13350 | D:10     | Found a staircase to the Lair.
 13971 | Lair:1   | Entered Level 1 of the Lair of Beasts
 14078 | Lair:1   | Noticed Fannar
 14178 | D:11     | Noticed a two-headed ogre
 14225 | D:10     | Killed a two-headed ogre
 14318 | D:10     | Learned a level 4 spell: Fulminant Prism
 14598 | D:11     | Noticed a soul eater
 14603 | D:10     | Noticed a sixfirhy
 14692 | D:11     | Noticed a two-headed ogre
 14705 | D:11     | Killed a two-headed ogre
 14706 | D:11     | Reached skill level 11 in Spellcasting
 14706 | D:11     | Reached XP level 12. HP: 92/92 MP: 3/27
 15244 | D:11     | Noticed Snorg
 15288 | D:11     | Reached skill level 10 in Conjurations
 15299 | D:11     | Killed Snorg
 15653 | D:11     | Noticed a frost giant
 15662 | D:11     | Noticed Erica
 15948 | Lair:1   | Killed Fannar
 16423 | Lair:1   | Reached **** piety under Yredelemnul
 16521 | Lair:1   | Noticed Gastronok
 16536 | Lair:1   | Killed Gastronok
 17090 | Lair:2   | Reached skill level 10 in Fighting
 18165 | Lair:2   | Found a staircase to the Shoals.
 18171 | Lair:2   | Reached XP level 13. HP: 91/106 MP: 20/28
 19425 | Lair:3   | Learned a level 5 spell: Arcjolt
 19446 | Lair:3   | Noticed Kirke
 19585 | Lair:3   | Reached skill level 1 in Air Magic
 20474 | Lair:3   | Found a staircase to the Snake Pit.
 21222 | Lair:3   | Noticed a sphinx
 21243 | Lair:2   | Killed Kirke
 21403 | Lair:4   | Reached skill level 5 in Air Magic
 21531 | Lair:4   | Found a transporter.
 21836 | Lair:4   | Found a transporter.
 21923 | Lair:4   | Reached skill level 12 in Spellcasting
 22162 | Lair:4   | Learned a level 5 spell: Irradiate
 22198 | Lair:4   | Found a staircase to the Slime Pits.
 22206 | Lair:4   | Found a viscous altar of Jiyva.
 22508 | Lair:4   | Reached skill level 1 in Armour
 22746 | Lair:5   | Entered Level 5 of the Lair of Beasts
 22821 | Lair:5   | Found a snail-covered altar of Cheibriados.
 22838 | Lair:5   | Reached ***** piety under Yredelemnul
 22846 | Lair:5   | Reached XP level 14. HP: 118/118 MP: 16/30
 23350 | Lair:5   | Reached ****** piety under Yredelemnul
 23465 | Lair:5   | Reached skill level 5 in Armour
 23969 | Lair:5   | Reached skill level 10 in Dodging
 24715 | Lair:5   | Reached skill level 13 in Spellcasting
 24742 | Lair:5   | Noticed a dire elephant
 24748 | Lair:5   | Killed a dire elephant
 24966 | Lair:5   | Noticed a dire elephant
 24994 | Lair:5   | HP: 2/118 [dire elephant (9)]
 25267 | Lair:4   | Upgraded the game from 0.31.0-7-gf635a9b802 to
                  | 0.31.0-10-gcf4a605ca0
 25416 | D:11     | Killed Erica
 26075 | D:11     | Upgraded the game from 0.31.0-10-gcf4a605ca0 to
                  | 0.31.0-11-ge490571c62
 26779 | D:10     | Killed a frost giant
 26939 | D:10     | Learned a level 3 spell: Mephitic Cloud
 27443 | D:12     | Found Nyrov's Distillery.
 27451 | D:12     | Bought a potion of curing for 33 gold pieces
 27451 | D:12     | Bought a potion of brilliance for 44 gold pieces
 27451 | D:12     | Bought a potion of heal wounds for 55 gold pieces
 27451 | D:12     | Bought a potion of curing for 33 gold pieces
 27451 | D:12     | Bought a potion of heal wounds for 55 gold pieces
 27451 | D:12     | Bought a potion of heal wounds for 55 gold pieces
 27451 | D:12     | Bought a potion of cancellation for 88 gold pieces
 27508 | D:11     | Reached skill level 14 in Spellcasting
 27656 | D:12     | Reached XP level 15. HP: 123/123 MP: 15/33
 28175 | D:12     | Reached skill level 1 in Polearms
 28325 | D:12     | Noticed Erolcha
 28331 | D:12     | Killed Erolcha
 28334 | D:12     | Found Sofas's Antique Armour Emporium.
 28349 | D:12     | Bought a buckler for 99 gold pieces
 29815 | D:13     | Got Taerch's Volume of the Barrage
 29822 | D:13     | Learned a level 5 spell: Iskenderun's Battlesphere
 29826 | D:13     | Learned a level 3 spell: Stone Arrow
 29830 | D:13     | Found a runed translucent gate.
 29831 | D:13     | Found a runed translucent gate.
 29833 | D:13     | Found a runed translucent gate.
 29853 | D:13     | Found a radiant altar of Vehumet.
 29886 | D:13     | Noticed occam's ghost (journeyman DEFE)
 29966 | D:13     | Reached skill level 5 in Polearms
 30284 | D:13     | Found a gate to the Vaults.
 31594 | Orc:1    | Entered Level 1 of the Orcish Mines
 31753 | Orc:1    | Noticed Maurice
 31760 | Orc:1    | Killed Maurice
 31969 | Orc:1    | Your ally Maurice died
 32549 | Orc:2    | Entered Level 2 of the Orcish Mines
 32611 | Orc:1    | Found Mehin's Jewellery Shoppe.
 32618 | Orc:1    | Bought the ring of Shadows {Umbra +Inv Stlth+} for 520 gold
                  | pieces
 32618 | Orc:1    | Found the ring of Shadows {Umbra +Inv Stlth+}
 32678 | Orc:2    | Paralysed by an orc sorcerer for 2 turns
 32836 | Orc:2    | Noticed Azrael
 32852 | Orc:2    | Killed Azrael
 32903 | Orc:2    | Your ally Azrael died
 33084 | Orc:2    | Noticed an orc warlord
 33293 | Orc:2    | Killed an orc warlord
 33872 | Orc:2    | Found Qiusier's Antique Armour Emporium.
 33873 | Orc:2    | Found Jiuth's Antique Weapon Shoppe.
 34024 | Orc:2    | Found a staircase to the Elven Halls.
 34305 | Orc:2    | Noticed Urug
 34334 | Orc:2    | Killed Urug
 34572 | Orc:2    | Reached skill level 15 in Spellcasting
 34583 | Orc:2    | Your ally Urug died
 34846 | Orc:2    | Found Myxtaohu's Book Emporium.
 35007 | Orc:2    | Found Udieb's Book Emporium.
 35759 | Lair:3   | Learned a level 2 spell: Mercury Vapours
 36012 | Lair:5   | Reached XP level 16. HP: 113/130 MP: 7/35
 37290 | D:15     | Entered Level 15 of the Dungeon
 37302 | D:15     | Noticed Nessos
 37599 | D:14     | Learned a level 5 spell: Freezing Cloud
 37600 | D:15     | Noticed Rupert
 37642 | D:14     | Killed Rupert
 38365 | Snake:1  | Entered Level 1 of the Snake Pit
 39212 | Lair:3   | Reached skill level 16 in Spellcasting
 40233 | Snake:1  | Found Utoffoca's General Store.
 40634 | Snake:2  | Found Opniwur's Armour Shoppe.
 41157 | Snake:2  | Found Ceur's Distillery.
 41157 | Snake:2  | Found Diem's Jewellery Emporium.
 41158 | Snake:2  | Found Uddaath's Magic Scroll Shoppe.
 41162 | Snake:2  | Bought 3 scrolls of teleportation for 126 gold pieces
 41162 | Snake:2  | Bought a scroll of teleportation for 42 gold pieces
 41162 | Snake:2  | Bought a scroll of identify for 28 gold pieces
 41162 | Snake:2  | Bought a scroll of noise for 14 gold pieces
 41162 | Snake:2  | Bought a scroll of blinking for 105 gold pieces
 41162 | Snake:2  | Bought a scroll of teleportation for 42 gold pieces
 41162 | Snake:2  | Bought a scroll of amnesia for 56 gold pieces
 41162 | Snake:2  | Bought a scroll of identify for 28 gold pieces
 41163 | Snake:2  | Found Onoarch's Weapon Emporium.
 41191 | Snake:2  | Bought a potion of brilliance for 52 gold pieces
 41191 | Snake:2  | Bought a potion of heal wounds for 65 gold pieces
 41191 | Snake:2  | Bought a potion of mutation for 104 gold pieces
 41191 | Snake:2  | Bought 2 potions of curing for 78 gold pieces
 41192 | Snake:2  | Identified a scroll of acquirement
 41192 | Snake:2  | Acquired the Atlas of Violence
 41845 | Snake:2  | Noticed a nagaraja
 41861 | Snake:2  | Killed a nagaraja
 42324 | Snake:3  | Learned a level 4 spell: Flame Wave
 42394 | Snake:3  | Noticed Mlioglotl
 42441 | Snake:3  | Reached XP level 17. HP: 92/136 MP: 16/37
 42560 | Snake:3  | Noticed Vashnia
 42593 | Snake:3  | Killed Vashnia
 42637 | Snake:3  | Identified the serpent talisman "Conlus" {rF+ Int+3}
 42637 | Snake:3  | Noticed Aizul
 42647 | Snake:3  | Killed Aizul
 42942 | Snake:3  | Your ally Aizul died
 43119 | Snake:3  | Identified the +8 hand axe of Sunlight {spect, rPois rC-
                  | Will+++ SInv}
 43132 | Snake:3  | Found a runed translucent door.
 43139 | Snake:3  | Reached skill level 17 in Spellcasting
 43406 | Snake:3  | Killed Mlioglotl
 43982 | Snake:3  | Found Haida's Dragon-Slaying Spoils.
 44233 | Snake:3  | Acquired 863 gold pieces
 44525 | Snake:2  | Bought the amulet of the Four Winds {rN+ Will+++ Clar} for
                  | 849 gold pieces
 44525 | Snake:2  | Found the amulet of the Four Winds {rN+ Will+++ Clar}
 44569 | Snake:4  | Entered Level 4 of the Snake Pit
 45073 | Snake:4  | Reached skill level 18 in Spellcasting
 45074 | Snake:4  | Reached skill level 1 in Fire Magic
 45680 | Snake:4  | Reached skill level 5 in Invocations
 45757 | Snake:4  | Reached skill level 5 in Stealth
 46092 | Snake:4  | Reached XP level 18. HP: 143/143 MP: 37/40
 46461 | Snake:4  | Got a serpentine rune of Zot
 46658 | Shoals:1 | Entered Level 1 of the Shoals
 49222 | Shoals:2 | Reached skill level 19 in Spellcasting
 50722 | Shoals:3 | Identified the +8 rapier of Wrongful Imprisonment {freeze,
                  | rElec rN+ Int+5 Stlth-}
 50943 | Shoals:3 | Reached XP level 19. HP: 111/149 MP: 30/42
 51279 | Shoals:4 | Entered Level 4 of the Shoals
 51405 | Shoals:4 | Paralysed by an air elemental for 1 turns
 51408 | Shoals:4 | Paralysed by an air elemental for 1 turns
 51410 | Shoals:4 | Paralysed by an air elemental for 1 turns
 51628 | Shoals:4 | Reached skill level 20 in Spellcasting
 51683 | Shoals:4 | Identified the ring of Isib {Will+ Dex+2}
 51866 | Shoals:4 | Identified the +0 ring mail "Piluenynki" {Rampage Int-2
                  | Dex+2}
 52377 | Shoals:4 | Paralysed by an air elemental for 1 turns
 52460 | Shoals:4 | Noticed Nikola
 52475 | Shoals:4 | Killed Nikola
 52759 | Shoals:4 | Got a barnacled rune of Zot
 52886 | Shoals:4 | Paralysed by an air elemental for 1 turns
 52990 | Shoals:4 | Paralysed by an air elemental for 1 turns
 53408 | D:15     | Killed Nessos
 53691 | D:15     | Reached skill level 5 in Evocations
 53702 | D:15     | Your ally Nessos died
 53715 | D:15     | Found a staircase to the Depths.
 54063 | D:15     | Found a shimmering altar of Xom.
 54065 | D:15     | Found a shimmering altar of Xom.
 54066 | D:15     | Found a shimmering altar of Xom.
 54066 | D:15     | Found a shimmering altar of Xom.
 54067 | D:15     | Found a shimmering altar of Xom.
 54293 | Depths:1 | Entered Level 1 of the Depths
 54440 | Vaults:1 | Entered Level 1 of the Vaults
 55304 | Vaults:1 | Reached skill level 15 in Conjurations
 56122 | Vaults:2 | Learned a level 4 spell: Ignite Poison
 56444 | Vaults:2 | Reached XP level 20. HP: 156/156 MP: 23/44
 57036 | Vaults:2 | Found a staircase to the Crypt.
 57047 | Vaults:2 | Reached skill level 10 in Polearms
 57125 | Crypt:1  | Entered Level 1 of the Crypt
 58124 | Vaults:2 | Found a transporter.
 58135 | Vaults:2 | Found a transporter.
 59068 | Vaults:3 | Reached XP level 21. HP: 157/162 MP: 21/45
 59163 | Vaults:3 | Learned a level 6 spell: Conjure Ball Lightning
 59882 | Vaults:3 | Learned a level 4 spell: Iskenderun's Mystic Blast
 59888 | Vaults:3 | Identified the +6 chain mail "Lutt" {^Contam +Inv Dex+5}
 59927 | Vaults:3 | Gained mutation: You occasionally shout uncontrollably at
                  | your foes. [mutagenic glow]
 60167 | Vaults:3 | You fall into a shaft and drop 1 floor!
 60398 | Vaults:4 | Killed from afar by an ironbound thunderhulk

Illustrated notes

Levels and vault maps discovered:
D:1:      mrwooster_arrival_statue, layout_rooms, minivault_27,
          hex_intersection, serial_bayou_crossing
D:2:      layout_loops_ring, basic_ecumenical_altar,
          minmay_misc_feat_secret_circle
D:3:      layout_loops_cross, dk_yredelemnul_ordeal, serial_bayou_pond_a
D:4:      layout_basic, corexii_hall_statues_l, minmay_gold_behind_fungi,
          uniq_ijyb
D:5:      layout_loops_cross, dreamdust_gnoll_farm
D:6:      cheibrodos_barr_body, layout_loops_cross, abandoned_shop,
          nicolae_benzene_ring, minmay_a_box_with_orc_wizards_in_it,
          uniq_jeremiah
D:7:      layout_basic, mainiacjoe_overflow_small_starburst,
          lemuel_crystal_altar, minmay_temple_entry_mini_moons
D:8:      layout_gridville
D:9:      layout_small_grid, zombieorc2_lemuel, guppyfry_early_elven_hall
D:10:     layout_irregular_city, david_lair_shrubbed, hex_medium
D:11:     layout_basic, grunt_ministairs_3, kennysheep_cross_bottleneck,
          wad_scary_box, uniq_erica, uniq_snorg
D:12:     layout_roguey, serial_shops, shop, shop, serial_curves,
          eino_curves_02, eino_curves_03, uniq_erolcha
D:13:     erik_rubicon_a, layout_irregular_city,
          skrybe_vaults_entry_preservation, gammafunk_ghost_split,
          vehumet_statue
D:14:     layout_rooms, minmay_misc_feat_enclosed, serial_co_window_serial,
          co_window_corner_a, co_window_of_opportunity_a, co_window_corner_a,
          co_window_of_opportunity_a, co_window_corner_a, co_window_corner_ca,
          co_window_corner_b, co_window_of_opportunity_b,
          co_window_unsneaky_path_e, co_window_unsneaky_path_e,
          co_window_corner_b, glass_columns_a, glass_columns_b, glass_columns_b,
          glass_columns_c, glass_columns_c
D:15:     hellmonk_depths_entry_around_the_bend, layout_loops_ring,
          xom_redecorated, uniq_rupert, uniq_nessos
Temple:   nicolae_temple_bog_church
Lair:1:   layout_chaotic_city, beast_lair_carwin_2, serial_bayou_shore_a,
          grunt_megastairs_2, uniq_fannar, uniq_gastronok
Lair:2:   layout_loops_ring, elwin_shoals_entry_stream, serial_bayou_shore_b,
          serial_bayou_shore_b
Lair:3:   layout_gridlike, guppyfry_snake_entry_garden, minmay_hedge_maze,
          uniq_kirke
Lair:4:   gammafunk_cloud_chamber, layout_big_grid,
          nicolae_slime_entry_field_trip, st_stairs_8, lemuel_fruit_tree,
          serial_bayou_shore_b
Lair:5:   guppyfry_lair_end_dragon, layout_cave_pods, hangedman_lair_in_review,
          basic_altar, nzn_sisyphean_effort
Shoals:1: layout_shoals, nicolae_shoals_aquamancer_cove
Shoals:2: layout_shoals, nicolae_shoals_spring_well_temple,
          nicolae_shoals_former_cling_halls
Shoals:3: layout_shoals
Shoals:4: shoals_end_hellmonk_storm_palace [storm_palace_center_square,
          storm_palace_corner_reverse_hut, storm_palace_corner_pillars,
          storm_palace_corner_narrow, storm_palace_corner_narrow], uniq_nikola
Snake:1:  layout_concentric_octagons, serial_shops, nicolae_shop_crystal
Snake:2:  layout_honeycomb, serial_shops, nicolae_shop_stone, minmay_shoptagon
Snake:3:  layout_basic, nicolae_shop_dragon_depot, lightli_airlock,
          grunt_megastairs_1, uniq_mlioglotl, uniq_aizul, uniq_vashnia
Snake:4:  grunt_snake_rune_spirals, layout_onion,
          serial_library_hellmonk_hallway_b, nicolae_twisty_statue_hallways
Orc:1:    layout_diamond_mine, serial_shops, shop, uniq_maurice
Orc:2:    grunt_orc_community_town_hall, layout_caves,
          grunt_orc_community_big_house_2, grunt_orc_community_big_house_1,
          grunt_orc_community_house_2, grunt_orc_community_house_1,
          grunt_orc_community_house_3, grunt_orc_community_house_1,
          nicolae_orc_lava_room, uniq_azrael, uniq_urug
Vaults:1: nicolae_vaults_diagonal_hallway_7, nicolae_vaults_steering_wheel,
          nicolae_vaults_closet_pinwheel_3, nicolae_vaults_bisected_inception,
          grunt_vaults_hallway_long, nicolae_vaults_trapezoid_layered,
          v_misc_18, ontoclasm_vaults_loading_screen, layout_vaults_omnigrid
Vaults:2: nicolae_vaults_house_3, minmay_crypt_entry_simple_statues,
          nicolae_vaults_asterisk, vaults_mumra_chevron, v_misc_15,
          v_alt_pattern_1, v_alt_pattern_2, nicolae_vaults_cochlea,
          nicolae_vaults_yaktaur_gun_rack,
          nicolae_vaults_variable_pillar_hall_cross, v_misc_2, v_pattern_3,
          gammafunk_sealed_arena, ontoclasm_vaults_pinch, layout_vaults_omnibox
Vaults:3: vaults_standard_mumra_x, nicolae_vaults_shock_wave,
          nicolae_vaults_trapezoid_lopsided_4, nicolae_vaults_closet_pinwheel_6,
          hangedman_vaults_unwind, v_misc_5, nicolae_vaults_mini_display_case,
          nicolae_vaults_trapezoid_2, v_misc_14,
          ontoclasm_vaults_loading_screen, nicolae_vaults_layer_cake_slice,
          nicolae_vaults_six-pack, nicolae_vaults_diamond_1,
          layout_vaults_omnicross
Vaults:4: st_star, v_pattern_5, ontoclasm_vaults_ligature, v_misc_13,
          nicolae_vaults_little_squares_1, hangedman_vaults_corner,
          nicolae_vaults_storage_closets_1, v_misc_28, v_misc_13, v_misc_1,
          nicolae_vaults_network_square, layout_vaults_maze_bifur, uniq_zenata,
          uniq_mennas
Crypt:1:  layout_misc_corridors, pandoras_box_mu, grunt_crypt_arrival_split
Depths:1: layout_honeycomb, hellmouth_3, corexii_hall_statues_s, minivault_10

Skill      XL: |  1  2  3  4  5  6  7  8  9 10 11 12 13 14 15 16 17 18 19 20 21 |
---------------+----------------------------------------------------------------+-----
Spellcasting   | 3 4 5 8 9 11 12 14 15 16 18 19 20 | 20.0
Necromancy     | 3 |  3.0
Conjurations   | 5 8 9 11 12 14 15 | 15.0
Fighting       | 1 4 7 8 11 13 | 13.2
Evocations     | 2 4 6 7 |  7.0
Invocations    | 2 3 5 |  5.0
Dodging        | 7 10 11 13 | 13.0
Alchemy        | 3 |  3.0
Air Magic      | 5 6 8 |  8.0
Armour         | 2 5 |  5.7
Polearms       | 5 9 13 14 | 14.0
Stealth        | 4 5 7 |  7.0
Fire Magic     | 4 |  4.7

Action                     |  1- 3 |  4- 6 |  7- 9 | 10-12 | 13-15 | 16-18 | 19-21 || total
---------------------------+-------+-------+-------+-------+-------+-------+-------++-------
  Melee: Short sword       |    38 |    51 |     9 |       |       |     4 |       ||   102
         Unarmed           |     2 |       |       |       |    12 |       |       ||    14
         Staff             |    28 |     1 |    19 |    81 |    68 |       |       ||   197
         Punch             |     1 |       |     2 |     3 |     1 |       |       ||     7
         Trident           |       |       |       |       |   105 |   183 |     8 ||   296
         Demon trident     |       |       |       |       |       |       |   215 ||   215
   Cast: Magic Dart        |    76 |    54 |    93 |   195 |   145 |   125 |    59 ||   747
         Searing Ray       |     2 |    15 |    45 |   191 |   172 |    15 |     3 ||   443
         Fulminant Prism   |       |       |       |    46 |   314 |    48 |    27 ||   435
         Kiss of Death     |       |       |       |     1 |     1 |       |       ||     2
         Irradiate         |       |       |       |       |    13 |    25 |    40 ||    78
         Arcjolt           |       |       |       |       |    11 |     4 |     1 ||    16
         Mephitic Cloud    |       |       |       |       |    43 |     8 |     4 ||    55
         Stone Arrow       |       |       |       |       |    22 |   277 |   139 ||   438
         Iskenderun's Batt |       |       |       |       |    10 |    15 |     1 ||    26
         Mercury Vapours   |       |       |       |       |     7 |    53 |    19 ||    79
         Freezing Cloud    |       |       |       |       |       |   124 |    74 ||   198
         Flame Wave        |       |       |       |       |       |     5 |     1 ||     6
         Ignite Poison     |       |       |       |       |       |       |    21 ||    21
         Conjure Ball Ligh |       |       |       |       |       |       |     5 ||     5
 Invoke: Recall Undead Har |       |     3 |     2 |       |     9 |    18 |    16 ||    48
         Dark Bargain      |       |       |     1 |     1 |     6 |     6 |       ||    14
         Drain Life        |       |       |       |       |     1 |     2 |     3 ||     6
         Bind Soul         |       |       |       |       |       |     2 |       ||     2
  Evoke: Wand              |       |       |    14 |     9 |    23 |     9 |       ||    55
         Lightning rod     |       |       |       |       |       |       |     2 ||     2
         Tin of tremorston |       |       |       |       |       |       |     1 ||     1
         Box of beasts     |       |       |       |       |       |       |     1 ||     1
    Use: Scroll            |       |     5 |     1 |     7 |    17 |    14 |     8 ||    52
         Potion            |       |     1 |       |     3 |     6 |    10 |     6 ||    26
   Stab: Sleeping          |     1 |       |       |       |       |     1 |     7 ||     9
         Distracted        |       |     3 |       |     1 |     3 |     3 |     9 ||    19
         Confused          |       |       |       |       |    11 |     1 |     2 ||    14
 Armour: Robe              |    31 |    31 |    55 |   187 |   306 |   256 |   169 ||  1035
         Skin              |       |       |       |       |     2 |       |       ||     2
         Leather armour    |       |       |       |       |       |       |     1 ||     1
  Dodge: Dodged            |    50 |    28 |   130 |   578 |   789 |   472 |   285 ||  2332
         Repelled          |       |       |       |     7 |    10 |    31 |     8 ||    56
  Block: Buckler           |       |       |       |       |    36 |    77 |    39 ||   152
